 Dungeon Crawl Stone Soup version 0.25-a0-578-gc91f01c39c (webtiles) character file.

Game seed: 6434288131879484223, levelgen mode: deterministic

253 DerDa the Conjurer (level 6, -6/41 HPs)
             Began as a Human Conjurer on Mar 5, 2020.
             Mangled by an ogre
             ... wielding a +0 giant club
              (28 damage)
             ... on level 4 of the Dungeon.
             The game lasted 00:08:22 (2820 turns).

DerDa the Conjurer (Human Conjurer)                 Turns: 2820, Time: 00:08:22

Health: -6/41      AC:  2    Str:  8    XL:     6   Next: 37%
Magic:  7/12       EV: 12    Int: 18    God:
Gold:   150        SH:  0    Dex: 13    Spells: 6/13 levels left

rFire    . . .     SeeInvis .   v - +2 whip (holy)
rCold    . . .     Gourm    .   (no shield)
rNeg     . . .     Faith    .   a - +0 robe
rPois    .         Spirit   .   (no helmet)
rElec    .         Reflect  .   (no cloak)
rCorr    .         Harm     .   (no gloves)
MR       .....                  (no boots)
Stlth    ++........             (no amulet)
HPRegen  0.13/turn              g - ring of flight
MPRegen  0.13/turn              (no ring)

@: very slightly contaminated
A: no striking features
a: Evoke Flight


You were on level 4 of the Dungeon.
You were not hungry.

You visited 1 branch of the dungeon, and saw 4 of its levels.

You collected 150 gold pieces.

Inventory:

Hand Weapons
 v - a +2 whip of holy wrath (weapon)
Missiles
 f - 96 stones
 j - 24 bolts
 k - 7 boomerangs
 q - 26 sling bullets
 w - 7 curare-tipped darts (quivered)
Armour
 a - a +0 robe (worn)
Jewellery
 g - a ring of flight (left hand)
 x - an uncursed amulet of the gourmand {unknown}
Wands
 r - a wand of iceblast (5)
Scrolls
 b - 2 scrolls of remove curse
 d - a scroll of noise {unknown}
 h - a scroll of fear {unknown}
 i - 2 scrolls of identify {unknown}
 l - a scroll of fog {unknown}
 m - a scroll of teleportation {unknown}
 n - a scroll of random uselessness {unknown}
 s - 2 scrolls of immolation {unknown}
 y - a scroll of amnesia {unknown}
Potions
 e - a potion of curing {unknown}
 o - a potion of heal wounds {unknown}
 t - a potion of lignification {unknown}
 u - 3 potions of degeneration {unknown}
 z - a potion of berserk rage {unknown}
Comestibles
 c - 4 rations
 p - 5 chunks of flesh


   Skills:
 - Level 2.0 Dodging
 - Level 2.0 Stealth
 * Level 4.0 Spellcasting
 * Level 5.6 Conjurations
 + Level 1.6 Hexes


You had 6 spell levels left.
You knew the following spells:

 Your Spells              Type           Power        Failure   Level  Hunger
a - Magic Dart            Conj           ###.         1%          1    None
b - Searing Ray           Conj           ###...       2%          2    ##.....
c - Fulminant Prism       Conj/Hex       ###.......   32%         4    ####...

Your spell library contained the following spells:

 Spells                   Type           Power        Failure   Level  Hunger
 Dazzling Flash           Conj/Hex       ###...       10%         3    ###....
 Iskenderun's Mystic Bla  Conj/Tloc      ##......     41%         4    ####...


Dungeon Overview and Level Annotations

Branches:
Dungeon (3/15)

Altars:
Qazlal

Annotations:
D:3 Sigmund


Message History

You butcher the frilled lizard corpse.
Things that are here:
a chunk of flesh; a frilled lizard skeleton
Found 8 atropa-tipped darts.
You see here 12 gold pieces.
The ogre hits you with a +0 giant club!!
Things that are here:
a chunk of flesh; a frilled lizard skeleton You see here a jackal skeleton.
Casting: Magic Dart (safe; 1% risk of failure)
Confirm with . or Enter, or press ? or * to list all spells.
Aiming: Searing Ray (safe; 2% risk of failure)
Press: ? - help, Shift-Dir - straight line, f - ogre
Aim: an ogre, wielding a +0 giant club You miscast Searing Ray.
You are very lightly contaminated with residual magic.
Nothing appears to happen.
The ogre hits you with a +0 giant club!!
Ouch! That really hurt!
You die...

#.##.#########
######.##..........
#......############
#.######
###.##.######
.............#
####.##.####.# #
#.# #.# #.# ##@##
#.###.O.##
#.##..รท..##
##.#.......#.#
.......%.....#
.###...$.....#
##.....#..#
.......##.?..
...####.## ..#


You could see an ogre.

Vanquished Creatures
  An orc priest (D:3)
  2 orc wizards (D:3)
  Terence (D:2)
  5 adders
  3 worms (D:2)
  3 dart slugs (D:1)
  4 leopard geckos
  8 orcs
  8 bats
  3 giant cockroaches
  6 goblins
  5 hobgoblins
  2 jackals (D:4)
  9 kobolds
  A quokka (D:2)
  2 frilled lizards
  11 rats
74 creatures vanquished.

Notes
Turn   | Place    | Note
-------+----------+-------------------------------------------
     0 | D:1      | DerDa the Human Conjurer began the quest for the Orb.
     0 | D:1      | Reached XP level 1. HP: 13/13 MP: 3/3
   178 | D:1      | Reached XP level 2. HP: 17/19 MP: 0/5
   574 | D:1      | Reached XP level 3. HP: 24/24 MP: 3/6
  1065 | D:2      | Found a stormy altar of Qazlal.
  1065 | D:2      | Noticed a water elemental
  1065 | D:2      | Noticed an air elemental
  1065 | D:2      | Noticed an earth elemental
  1065 | D:2      | Noticed a fire elemental
  1126 | D:2      | Reached XP level 4. HP: 23/30 MP: 0/8
  1330 | D:2      | Learned a level 2 spell: Searing Ray
  1335 | D:2      | Learned a level 4 spell: Fulminant Prism
  1718 | D:2      | Noticed Terence
  1735 | D:2      | Killed Terence
  1735 | D:2      | Reached skill level 5 in Conjurations
  1735 | D:2      | Reached XP level 5. HP: 35/35 MP: 0/10
  2187 | D:3      | Noticed Sigmund
  2190 | D:3      | Reached skill level 1 in Hexes
  2375 | D:3      | Reached XP level 6. HP: 21/41 MP: 1/11
  2716 | D:3      | You fall into a shaft and drop 1 floor!
  2812 | D:4      | Noticed an ogre
  2820 | D:4      | Mangled by an ogre

Levels and vault maps discovered:
D:1:      psy_arrival_conway, layout_loops_ring, minmay_pentomino_x4
D:2:      layout_basic, nicolae_qazlal_style_of_elements, first_ration,
          uniq_terence
D:3:      layout_basic, lemuel_doored_altar, uniq_robin, uniq_sigmund
D:4:      layout_loops_ring, minmay_temple_entry_proselytizer, uniq_pikel,
          uniq_eustachio

Skill      XL: |  1  2  3  4  5  6 |
---------------+-------------------+-----
Spellcasting   | 3 4 |  4.0
Conjurations   | 5 |  5.6
Hexes          | 1 |  1.6
Dodging        | |  2.0
Stealth        | |  2.0

Action                   |  1- 3 |  4- 6 || total
-------------------------+-------+-------++-------
Melee: Unarmed           |     7 |       ||     7
       Club              |     3 |       ||     3
       Whip              |     5 |     7 ||    12
 Cast: Magic Dart        |    55 |    98 ||   153
       Searing Ray       |       |     6 ||     6
  Use: Scroll            |       |     1 ||     1
  Eat: Chunk             |     1 |     6 ||     7
Armor: Robe              |     8 |     1 ||     9
Dodge: Dodged            |    27 |    21 ||    48

Table legend:
 A = Non-vault XP
 B = Vault XP
 C = Vault XP percentage of total XP
 D = Non-vault monster count
 E = Vault monster count
 F = Vault count percentage of total count
                 A         B        C        D         E       F
            +---------+---------+-------+---------+---------+-------
      Total |     319 |      43 |  11.9 |      69 |       5 |   6.8
            +---------+---------+-------+---------+---------+-------
        D:1 |      44 |       7 |  13.7 |      23 |       4 |  14.8
        D:2 |      75 |      36 |  32.4 |      25 |       1 |   3.8
        D:3 |     167 |       0 |   0.0 |      15 |       0 |   0.0
        D:4 |      33 |       0 |   0.0 |       6 |       0 |   0.0
            +---------+---------+-------+---------+---------+-------
